 Dungeon Sprint DCSS version 0.28.0-53-g5a82cb258f (webtiles) character file.

Game seed: 1831895968429979879

2900000 Zeld the Intangible (level 19, -19/174 HPs)
             Began as a Djinni Monk on June 5, 2022.
             Was the Champion of Makhleb.
             Demolished by a meat berserker
             ... wielding a +9 battleaxe
              (68 damage)
             ... in the Dungeon (Sprint VIII: "Arena of Blood").
             The game lasted 00:00:44 (29 turns).

Zeld the Intangible (Djinni Monk)                     Turns: 29, Time: 00:00:44

Health: -19/174    AC:  2    Str: 16    XL:     19   Next: 41%
Gold:   0          EV: 30    Int: 12    God:    Makhleb [******] SH:  0 Dex: 18

rFire   + + .      SeeInvis .   g - +∞ Axe of Woe
rCold   x . .      Faith    .   (shield currently unavailable)
rNeg    . . .      Spirit   .   a - +0 robe
rPois   ∞          Reflect  .   (no helmet)
rElec   .          Harm     .   (no cloak)
rCorr   .          Rampage  .   (no gloves)
Will    +....      NoTele   +   (boots unavailable)
Stlth   ++++......              (no amulet)
HPRegen 0.39/turn               (no ring)
MPRegen 0.00/turn               (no ring)

@: short of breath, flying
A: sickness immunity, fire resistance 2, cold vulnerability 1, float, innate
caster, HP casting, extra vitality 1
a: Renounce Religion, Minor Destruction, Lesser Servant of Makhleb, Major
Destruction, Greater Servant of Makhleb


You were in the Dungeon.
You worshipped Makhleb.
Makhleb was exalted by your worship.
You visited 1 branch

Inventory:

Hand Weapons
 g - the +∞ Axe of Woe (weapon)
   (You found it in the Dungeon)
Armour
 a - a +0 robe (worn)
Scrolls
 f - a scroll of blinking
Potions
 b - a potion of curing
 c - a potion of heal wounds
 d - a potion of haste
 e - a potion of berserk rage


   Skills:
 O Level 27 Fighting
 * Level 26.6 Axes
 O Level 27 Dodging
 - Level 6.5 Stealth
 - Level 17.0 Unarmed Combat
 * Level 19.3 Spellcasting
 * Level 24.5 Invocations


You had 17 spell levels left.
You knew the following spells:

 Your Spells              Type           Power      Damage    Failure   Level
a - Freeze                Ice            100%       1d11      0%          1
b - Searing Ray           Conj           100%       2d8       0%          2
c - Passwall              Tmut/Erth      45%        N/A       0%          2
d - Dispel Undead         Necr           55%        3d20      0%          4
e - Fireball              Conj/Fire      27%        3d12      1%          5
f - Summon Mana Viper     Hex/Summ       55%        N/A       1%          5
g - Starburst             Conj/Fire      27%        6d9       1%          6
h - Enfeeble              Hex            27%        N/A       1%          7
i - Dragon Form           Tmut           27%        N/A       1%          7
Your spell library was empty.

Dungeon Overview and Level Annotations

Branches:
Dungeon (1/1)

Altars:
Makhleb


Innate Abilities, Weirdness & Mutations

You are immune to sickness and miasma.
You are immune to poison.
Your flesh is very heat resistant. (rF++)
You are vulnerable to cold. (rC-)
You float through the air rather than walking.
You learn spells naturally, not from books.
Your magical power is your life essence.
You have superior vitality. (+4 MHP)


Message History

You bite the meat berserker!!
You claw the meat berserker, but do no damage.
The meat berserker is lightly wounded.
You hear a shout! x4
The meat berserker hits you with a +9 battleaxe!!!
A bag of meat comes into view. It is wielding a +9 war axe.
You hear a shout!
You maul the meat berserker!!!!
The meat berserker is lightly wounded.
You hear a shout! x2
A large bag of meat comes into view. It is wielding a +9 giant spiked club.
The meat berserker hits you with a +9 battleaxe!!
The bag of meat hits you but does no damage.
You hear a shout! x3
Aiming: Breathe Fire (0% risk of failure)
Press: ? - help, Shift-Dir - straight line You breathe a blast of fire.
The fiery breath hits the bag of meat!!
The bag of meat is lightly wounded.
The fiery breath hits the large bag of meat!!
Flame seeps out of the large bag of meat.
The large bag of meat is lightly wounded.
The fiery breath hits the bag of meat!!
The bag of meat is lightly wounded.
The sculptor of flesh appears out of thin air!
A sculptor of flesh comes into view. It is wielding a +9 great sword.
You hear a shout! x5
The large bag of meat is engulfed in blazing flames.
You hear a shout!
The meat berserker hits you with a +9 battleaxe!!!
* * * LOW HITPOINT WARNING * * *
A bag of meat comes into view. It is wielding a +9 war axe.
The bag of meat is engulfed in blazing flames.
You hear a shout! x2
Your transformation has ended.
The +∞ Axe of Woe unmelds from your body.
Your +0 robe unmelds from your body.
The destroyer appears out of thin air!
A destroyer comes into view. It is wielding a +9 vorpal great sword.
The destroyer shouts!
You hear a shout!
The meat berserker hits you with a +9 battleaxe!!!
You die...

... .. #.. .# .
#.. ..# ..###z.
..###.
......###......
......._.......
....#§§§..#....
. #_O<)_# .
#○@)).#
.......O_O.V...
......O###......
..###.o ..###. .
#.o ..# #☼. ..#


oo. .. o... You could see a destroyer, a sculptor of flesh, 2 large bags of
meat, 2 meat berserkers and 5 bags of meat.

Vanquished Creatures
  2 vampire knights (D)
  6 ogres (D)
  A two-headed ogre (D)
  11 orcs (D)
20 creatures vanquished.

Notes
Turn   | Place    | Note
-------+----------+-------------------------------------------
     0 | D        | Found the +∞ Axe of Woe
     0 | D        | Zeld the Djinni Monk began the quest for the Orb.
     0 | D        | Reached XP level 1. HP: 20/20 MP: 0/0
     1 | D        | Noticed a meat berserker
     2 | D        | Killed a meat berserker
     2 | D        | Noticed a bag of meat
     2 | D        | Noticed a bag of meat
     2 | D        | Noticed a bag of meat
     3 | D        | Reached XP level 2. HP: 46/46 MP: 0/0
     3 | D        | Reached XP level 3. HP: 51/51 MP: 0/0
     3 | D        | Learned a level 1 spell: Freeze
     3 | D        | Reached XP level 4. HP: 58/58 MP: 0/0
     3 | D        | Reached XP level 5. HP: 64/64 MP: 0/0
     3 | D        | Learned a level 2 spell: Searing Ray
     3 | D        | Reached XP level 6. HP: 70/70 MP: 0/0
     3 | D        | Reached XP level 7. HP: 76/76 MP: 0/0
     3 | D        | Learned a level 2 spell: Passwall
     3 | D        | Reached XP level 8. HP: 82/82 MP: 0/0
     3 | D        | Reached XP level 9. HP: 88/88 MP: 0/0
     3 | D        | Learned a level 4 spell: Dispel Undead
     3 | D        | Reached XP level 10. HP: 94/94 MP: 0/0
     3 | D        | Reached XP level 11. HP: 100/100 MP: 0/0
     3 | D        | Learned a level 5 spell: Fireball
     3 | D        | Reached XP level 12. HP: 106/106 MP: 0/0
     5 | D        | Became a worshipper of Makhleb the Destroyer
     5 | D        | Reached * piety under Makhleb
     5 | D        | Reached ** piety under Makhleb
     7 | D        | Noticed a meat berserker
     7 | D        | Noticed a bag of meat
     8 | D        | Noticed a bag of meat
     8 | D        | Noticed a bag of meat
     9 | D        | Killed a bag of meat
    10 | D        | Reached skill level 5 in Invocations
    10 | D        | Reached XP level 13. HP: 114/114 MP: 0/0
    10 | D        | Learned a level 5 spell: Summon Mana Viper
    10 | D        | Noticed a meat berserker
    10 | D        | Killed a bag of meat
    10 | D        | Noticed a bag of meat
    11 | D        | Reached skill level 5 in Spellcasting
    11 | D        | Killed a meat berserker
    11 | D        | Killed a bag of meat
    11 | D        | Reached *** piety under Makhleb
    12 | D        | Reached XP level 14. HP: 9/128 MP: 0/0
    12 | D        | Noticed a meat berserker
    12 | D        | Noticed a meat berserker
    12 | D        | Noticed a meat berserker
    12 | D        | Noticed a bag of meat
    13 | D        | Noticed a bag of meat
    13 | D        | Noticed a bag of meat
    14 | D        | Killed a meat berserker
    14 | D        | Noticed a bag of meat
    15 | D        | Reached skill level 10 in Spellcasting
    15 | D        | Reached XP level 15. HP: 14/135 MP: 0/0
    15 | D        | Learned a level 6 spell: Starburst
    15 | D        | Killed a meat berserker
    15 | D        | Reached **** piety under Makhleb
    15 | D        | Killed a meat berserker
    15 | D        | Killed a meat berserker
    16 | D        | Reached XP level 16. HP: 126/148 MP: 0/0
    16 | D        | Reached XP level 17. HP: 132/155 MP: 0/0
    16 | D        | Learned a level 7 spell: Enfeeble
    16 | D        | Noticed a large bag of meat
    17 | D        | Killed a large bag of meat
    17 | D        | Reached ***** piety under Makhleb
    18 | D        | Reached skill level 27 in Dodging
    18 | D        | Reached skill level 15 in Spellcasting
    18 | D        | Noticed a destroyer
    18 | D        | Noticed a destroyer
    19 | D        | Noticed a meat berserker
    20 | D        | Killed a destroyer
    21 | D        | Reached skill level 27 in Fighting
    21 | D        | Reached XP level 18. HP: 167/167 MP: 0/0
    21 | D        | Noticed a large bag of meat
    24 | D        | Noticed a meat berserker
    24 | D        | Killed a destroyer
    24 | D        | Reached ****** piety under Makhleb
    25 | D        | Reached XP level 19. HP: 174/174 MP: 0/0
    25 | D        | Learned a level 7 spell: Dragon Form
    27 | D        | Noticed a large bag of meat
    29 | D        | Noticed a sculptor of flesh
    29 | D        | Noticed a destroyer
    29 | D        | Demolished by a meat berserker

Illustrated notes

Levels and vault maps discovered:
D:        meatsprint

Skill      XL: |  1  2  3  4  5  6  7  8  9 10 11 12 13 14 15 16 17 18 |
---------------+-------------------------------------------------------+-----
Fighting       | 17 18 21 22 24 27 | 27.0
Dodging        | 18 19 22 23 26 27 | 27.0
Stealth        | 6 |  6.5
Unarmed Combat | 17 | 17.0
Axes           | 4 9 11 16 23 26 | 26.6
Spellcasting   | 4 9 10 14 17 19 | 19.3
Invocations    | 5 12 13 17 22 24 | 24.5

Action                   |  1- 3 |  4- 6 |  7- 9 | 10-12 | 13-15 | 16-18 | 19-21 || total
-------------------------+-------+-------+-------+-------+-------+-------+-------++-------
Melee: Executioner's axe |     1 |       |       |     1 |     4 |     6 |       ||    12
       Unarmed           |       |       |       |       |       |       |     2 ||     2
       Punch             |       |       |       |       |       |       |     1 ||     1
 Cast: Starburst         |       |       |       |       |       |     1 |       ||     1
       Dragon Form       |       |       |       |       |       |       |     1 ||     1
 Abil: Breathe Fire      |       |       |       |       |       |       |     1 ||     1
       End Transformatio |       |       |       |       |       |       |     1 ||     1
Armor: Skin              |       |       |       |       |       |       |     1 ||     1
Dodge: Dodged            |       |       |       |       |     1 |       |       ||     1
